Unix NetHack Version 5.0.0-0 post-release - last build Jun 10 2026 00:39:30 (3ee93aec679c4c4259841fe613dc97188e26a321,branch:main).

Game began 2026-07-07 14:12:50, ended 2026-07-07 14:54:04.

DaveT, lawful male human Priest

                        --------------------------------
                        |..............................|
                        |...------%-----.----..-----...|
                        |...|(((|..|!%.|.-..|--|...|....#
                        |...|(((|..|%%.-.|..|..|...|...|##
                        |...|..?|-------.---|..|...|...|#
                        |...--|--...........-|----|-...|#
                        |.............%%%..............|#
                        |........{.----)--.............|#
                        |..........|.@@).|........%....|#
                        |...-|---..|.)...|....--|--....|#
                        |...|...|-||..@..|.-|-|...|---%|##
                        |...|+++|..|.....|.|..|(((|..-.|##
                        |...|++]|..|------.|..|((]|..|..##      ------
                        |...--------      .-----------.|##      .....|
                        |...              .          ..|#       |..<.|
                        -----            ---        ----`#######-....|
                                                        #       ------

DaveT the Adept              St:14 Dx:16 Co:17 In:10 Wi:18 Ch:11  Lawful
Dlvl:6  $:143 HP:0(58) Pw:85(85) AC:-2 Xp:7 T:4594  Burdened

Latest messages:
 It is missed.
 It misses.
 You kill the watchman!
 You murderer!
 It hits!
 You hit it.
 It hits!
 You can see again.
 You kill the watchman!
 You murderer!
 The watchman misses!
 You hit the watchman!
 You hit the watchman!
 The watchman hits!
 The watchman hits!
 You kill the watchman!
 You murderer!
 The watchman misses!
 You hit the watchman!
 The watchman hits!
 You hit the watchman!
 The gnome lady picks up a crested helmet.
 The watchman hits!
 The gnome lady misses!
 The watchman hits!
 You kill the watchman!
 You murderer!
 You hit the gnome lady!
 The watch captain picks up a ring mail.
 You kill the gnome lady!
 You see here a spear.
 You see here a knife.
 You already found a monster.  Use 'm' prefix to force another search.
 You miss the watch captain.
 The watch captain swings her long sword.
 The watch captain hits!
 The watch captain swings her long sword.
 The watch captain hits again!
 You hit the watch captain!
 The watch captain swings her long sword.
 The watch captain just misses!
 The watch captain swings her long sword.
 The watch captain hits!
 You hit the watch captain!
 You hit the watch captain!
 The watch captain swings her long sword.
 The watch captain hits!
 You die...
 Do you want your possessions identified? [ynq] (y) y
 Do you want to see your attributes? [ynq] (y) q

Inventory:
 Coins    ('$')
  $ - 143 gold pieces
 Weapons  (')')
  o - 6 +0 darts (at the ready)
  a - a blessed rustproof +6 mace (weapon in right hand)
 Armor    ('[')
  l - a +1 elven leather helm (being worn)
  C - a +0 pair of leather gloves (being worn)
  L - a -2 pair of levitation boots
  c - a +0 small shield (being worn)
  b - a fireproof +0 robe (being worn)
  E - a +0 splint mail (being worn)
 Comestibles  ('%')
  H - 2 carrots
  e - a clove of garlic
  h - a food ration
  f - a sprig of wolfsbane
 Scrolls  ('?')
  T - a scroll of confuse monster
  I - a blessed scroll of magic mapping
  U - 2 scrolls of teleportation
 Potions  ('!')
  r - a cursed potion of confusion
  t - a potion of extra healing
  x - a potion of gain level
  W - a potion of healing
  z - a cursed potion of levitation
  J - a cursed potion of monster detection
  v - a potion of restore ability
  B - a cursed potion of sickness
  G - a potion of holy water
 Rings    ('=')
  O - a ring of cold resistance
  m - a ring of fire resistance
  u - a blessed +2 ring of gain constitution (on right hand)
  X - a ring of levitation
  s - a ring of poison resistance
  N - a ring of teleport control
 Wands    ('/')
  w - a wand of cancellation (0:7)
  A - a wand of digging (0:5)
  P - a wand of digging (0:2)
  F - a wand of secret door detection (0:14)
  Y - a wand of stasis (0:2)
 Tools    ('(')
  R - a sack containing 21 items
  p - a lock pick
  Z - a blessed magic marker (0:48)
  n - a +0 pick-axe
  M - a skeleton key
  Q - a stethoscope
  D - a towel

Contents of the sack:
  76 gold pieces
  7 +1 shuriken
  5 +0 daggers
  a +0 aklys
  a +0 mummy wrapping
  a slime mold
  11 apples
  a cursed scroll of blank paper
  a cursed scroll of confuse monster
  2 blessed scrolls of create monster
  a scroll of create monster
  a cursed scroll of enchant weapon
  a spellbook of healing
  a cursed potion of healing
  a potion of object detection
  a can of grease (0:20)
  a +0 grappling hook
  a lock pick
  a worthless piece of red glass
  a worthless piece of violet glass
  a cursed worthless piece of white glass

DaveT the Priest's attributes:

Background:
 You were an Adept, a level 7 human Priest.
 You were lawful, on a mission for Quetzalcoatl
 who was opposed by Camaxtli (neutral) and Huhetotl (chaotic).
 You were right-handed.
 You were in the Gnomish Mines, on level 6.
 You entered the dungeon 4594 turns ago.
 You had 1221 experience points, 59 more were needed to attain level 8.

Basics:
 You had 0 out of 58 hit points.
 You had all 85 energy points (spell power).
 Your armor class was -2.
 Your wallet contained 143 zorkmids, and
 you had 76 more stashed away in your pack.
 Autopickup was off.

Final Characteristics:
 Your strength was 14 (limit:18/100).
 Your dexterity was 16 (limit:18).
 Your constitution was 17 (base:15, limit:18).
 Your intelligence was 10 (limit:18).
 Your wisdom was 18 (limit:18).
 Your charisma was 11 (limit:18).

Final Status:
 You weren't hungry.
 You were burdened; movement was slightly slowed.
 You were wielding a mace.
 You had expert skill with mace.

Final Attributes:
 You had transgressed.
 You were guarded.
 Your spell casting was impaired by metallic armor, mitigated by your robe.
 You were fast.
 You were very unlucky.
 You are dead.

Miscellaneous:
 You encountered 1 bones level.
 Total elapsed playing time was 41 minutes and 13 seconds.

Major events:
 Turn
    1: DaveT the lawful human Priest entered the dungeon
  865: entered the Gnomish Mines
 1137: attained the rank of Acolyte (level 3)
 3120: attained the rank of Adept (level 6)
 4037: reached Mine Town
 4594: killed by a watch captain

Spells:
 Name                 Level Category     Fail Retention
 light                  1   clerical      31%   71%-80%
 stone to flesh         3   healing       98%  76%-100%
 confuse monster        1   enchantment   31%  76%-100%
 create monster         2   clerical      31%  91%-100%

Skills:
 Fighting Skills
   bare handed combat [Unskilled]
 Weapon Skills
   club               [Unskilled]
   mace               [Expert]
   morning star       [Unskilled]
   flail              [Unskilled]
   hammer             [Unskilled]
   quarterstaff       [Unskilled]
   polearms           [Unskilled]
   spear              [Unskilled]
   trident            [Unskilled]
   lance              [Unskilled]
   bow                [Unskilled]
   sling              [Unskilled]
   crossbow           [Unskilled]
   dart               [Unskilled]
   shuriken           [Unskilled]
   boomerang          [Unskilled]
   unicorn horn       [Unskilled]
 Spellcasting Skills
   healing spells     [Unskilled]
   divination spells  [Unskilled]
   clerical spells    [Basic]

Voluntary challenges:
 Character rerolling was not enabled.
 You never genocided any monsters.
 You never polymorphed an object.
 You never changed form.
 You used no wishes.
Achievements:
 You entered the Gnomish Mines.
 You entered a shop.
 You attained the rank of Acolyte.
 You attained the rank of Adept.
 You entered Minetown.
 You entered a temple.

 The Dungeons of Doom: levels 1 to 5
    Level 1:
       An altar to Quetzalcoatl.
    Level 2: "vault door in S"
       A general store.
       Stairs down to The Gnomish Mines.
    Level 3:
       A general store.
    Level 4: "vault"
       A ring shop, a fountain, a grave.
    Level 5:
       Many fountains.
 The Gnomish Mines: levels 3 to 6
    Level 3:
    Level 4:
       Some graves.
       Final resting place for
          Nestorix-Cav-Hum-Fem-Neu, killed by a horse,
          Langmuir-Kni-Hum-Mal-Law, killed by a gnome lord, while frozen by a floating eye's gaze,
          jvanheel-Rog-Hum-Mal-Cha, killed by a dwarf.
    Level 5:
    Level 6: <- You were here.
       Many shops, a temple and an altar to Quetzalcoatl, a fountain.
       Final resting place for
          you, killed by a watch captain.


Vanquished creatures:
  2 ghosts
  4 watchmen
  a horse
  a dingo
  a gnome mummy
  2 water moccasins
  a human zombie
  a mountain nymph
  a rock piercer
  2 fog clouds
  7 gnome leaders
  2 gnomish wizards
  a black naga hatchling
  a gray ooze
  a giant ant
  3 floating eyes
  4 kittens
  3 dwarves
  a homunculus
  a kobold leader
  2 kobold shamans
  5 hill orcs
  3 rothes
  a rabid rat
  4 orc zombies
  9 dwarf zombies
  a wererat
  4 iguanas
 an acid blob
  2 coyotes
  a manes
  a large kobold
  a giant rat
  2 cave spiders
  a red mold
 23 gnomes
  3 gnome zombies
  2 geckos
  8 jackals
  2 foxes
  a kobold
  5 grid bugs
  3 lichens
  7 newts
132 creatures vanquished.

No species were genocided or became extinct.

Game over:
                       ----------
                      /          \
                     /    REST    \
                    /      IN      \
                   /     PEACE      \
                  /                  \
                  |      DaveT       |
                  |      219 Au      |
                  |   killed by a    |
                  |  watch captain   |
                  |                  |
                  |                  |
                  |       2026       |
                 *|     *  *  *      | *
        _________)/\\_//(\/(/\)/\//\/|_)_______

Goodbye DaveT the Priest...

You died in The Gnomish Mines on dungeon level 6 with 5432 points,
and 219 pieces of gold, after 4594 moves.
You were level 7 with a maximum of 58 hit points when you died.

